12 | 0:01 | Probe (Chrono Boost) | |
13 | 0:11 | Probe (Chrono Boost) | |
14 | 0:22 | Probe (Chrono Boost), Pylon | |
15 | 0:40 | Probe (Chrono Boost) | |
16 | 0:46 | Assimilator | |
16 | 0:50 | Gateway | |
16 | 0:51 | Probe (Chrono Boost) | |
17 | 1:01 | Probe (Chrono Boost), Pylon | |
18 | 1:30 | Gateway | |
18 | 1:34 | Assimilator | |
18 | 1:40 | Cybernetics Core | |
18 | 1:45 | Zealot | |
20 | 2:06 | Pylon | |
20 | 2:13 | Warp Gate | |
20 | 2:15 | Adept | |
22 | 2:33 | Zealot | |
24 | 2:49 | Adept | |
26 | 2:55 | Pylon | |
26 | 3:07 | Adept | |
28 | 3:17 | Probe (Chrono Boost) | |
29 | 3:24 | Stalker | |
31 | 3:28 | Probe (Chrono Boost) | |
32 | 3:34 | Pylon | |
32 | 3:40 | Probe (Chrono Boost) | |
32 | 3:41 | Adept | |
35 | 3:50 | Forge | |
35 | 3:52 | Probe (Chrono Boost) | |
36 | 3:58 | Adept | |
39 | 4:04 | Probe (Chrono Boost) | |
39 | 4:16 | Probe (Chrono Boost) | |
40 | 4:17 | Adept | |
42 | 4:29 | Probe (Chrono Boost) | |
42 | 4:35 | Adept | |
44 | 6:30 | Stalker | |
44 | 6:31 | Probe (Chrono Boost) | |
44 | 6:32 | Photon Cannon | |
46 | 6:33 | Photon Cannon | |
46 | 6:36 | Robotics Facility | |
46 | 6:39 | Nexus, Pylon | |
46 | 6:42 | Stargate | |
46 | 6:43 | Stalker, Twilight Council, Probe (Chrono Boost) | |
46 | 6:45 | Gateway | |
49 | 6:48 | Forge | |
49 | 6:56 | Stalker | |
51 | 7:02 | Pylon | |
50 | 7:09 | Stalker | |
50 | 7:10 | Probe (Chrono Boost) | |
33 | 7:21 | Observer | |
33 | 7:22 | Stalker | |
36 | 7:35 | Sentry | |
38 | 7:41 | Observer | |
39 | 7:47 | Stalker | |
41 | 7:54 | Probe (Chrono Boost) | |
41 | 7:56 | Probe (Chrono Boost) | |
43 | 8:00 | Zealot | |
43 | 8:01 | Pylon | |
43 | 8:02 | Pylon | |
46 | 8:06 | Probe (Chrono Boost) | |
46 | 8:08 | Probe (Chrono Boost) | |
47 | 8:13 | Adept | |
47 | 8:17 | Probe (Chrono Boost) | |
47 | 8:19 | Probe (Chrono Boost) | |
51 | 8:23 | Photon Cannon | |
51 | 8:26 | Zealot | |
52 | 8:27 | Photon Cannon | |
52 | 8:28 | Probe (Chrono Boost) | |
52 | 8:29 | Probe (Chrono Boost) | |
54 | 8:39 | Probe (Chrono Boost), Adept | |
54 | 8:41 | Probe (Chrono Boost) | |
58 | 8:50 | Probe (Chrono Boost) | |
58 | 8:51 | Probe (Chrono Boost) | |
60 | 9:01 | Probe (Chrono Boost) | |
60 | 9:02 | Probe (Chrono Boost) | |
62 | 9:11 | Probe (Chrono Boost) | |
62 | 9:13 | Probe (Chrono Boost) | |
64 | 9:22 | Probe (Chrono Boost) | |
65 | 9:44 | Assimilator | |
65 | 9:50 | Assimilator | |
65 | 10:13 | Probe (Chrono Boost) | |
66 | 10:16 | Probe (Chrono Boost) | |
67 | 10:23 | Probe (Chrono Boost) | |
68 | 10:52 | Protoss Ground Weapons Level 1 | |
68 | 10:54 | Protoss Ground Armor Level 1 | |
68 | 10:56 | Warp Prism | |
70 | 10:57 | Sentry | |
70 | 10:59 | Templar Archives | |
70 | 11:02 | Robotics Facility | |
72 | 11:06 | Nexus, Stargate | |
72 | 11:07 | Void Ray | |
72 | 11:09 | Robotics Bay | |
76 | 11:11 | Dark Shrine | |
76 | 11:14 | Gateway | |
76 | 11:24 | Stalker | |
60 | 11:31 | Warp Prism | |
58 | 11:35 | Stalker | |
60 | 11:44 | Fleet Beacon | |
60 | 11:47 | Zealot | |
60 | 11:48 | Observer | |
63 | 11:55 | Observer Gravitic Boosters | |
63 | 11:58 | Sentry | |
65 | 12:10 | High Templar | |
67 | 12:20 | Probe (Chrono Boost) | |
67 | 12:21 | High Templar | |
71 | 12:22 | Probe (Chrono Boost) | |
71 | 12:25 | Probe (Chrono Boost) | |
71 | 12:28 | Assimilator | |
72 | 12:31 | Pylon | |
72 | 12:32 | Probe (Chrono Boost) | |
72 | 12:33 | High Templar | |
72 | 12:34 | Probe (Chrono Boost), Pylon | |
72 | 12:36 | Probe (Chrono Boost), Assimilator | |
77 | 12:43 | Probe (Chrono Boost) | |
78 | 12:44 | High Templar, Archon | |
78 | 12:45 | Probe (Chrono Boost) | |
78 | 12:48 | Probe (Chrono Boost), Gravitic Drive | |
82 | 12:54 | Probe (Chrono Boost), Photon Cannon | |
82 | 12:56 | Archon, High Templar | |
82 | 12:57 | Photon Cannon | |
85 | 13:07 | High Templar | |
85 | 13:10 | Void Ray | |
87 | 13:19 | High Templar, Archon | |
89 | 13:31 | High Templar | |
91 | 13:42 | High Templar | |
93 | 13:54 | High Templar | |
95 | 14:56 | High Templar | |
81 | 15:04 | Probe (Chrono Boost) | |
64 | 15:07 | Probe (Chrono Boost) | |
64 | 15:08 | High Templar | |
64 | 15:11 | Probe (Chrono Boost) | |
64 | 15:13 | Warp Prism | |
49 | 15:15 | Probe (Chrono Boost) | |
49 | 15:16 | Warp Prism | |
49 | 15:18 | Probe (Chrono Boost) | |
49 | 15:19 | High Templar | |
51 | 15:23 | Probe (Chrono Boost) | |
51 | 15:24 | Nexus, High Templar | |
51 | 15:28 | Probe (Chrono Boost) | |
55 | 15:29 | Probe (Chrono Boost), Zealot | |
55 | 15:30 | Void Ray | |
55 | 15:31 | Fleet Beacon | |
55 | 15:34 | Probe (Chrono Boost) | |
63 | 15:40 | Sentry | |
65 | 15:45 | Immortal | |
69 | 15:50 | Adept | |
69 | 15:55 | Adept | |
73 | 16:00 | Adept | |
73 | 16:05 | Stalker | |
73 | 16:10 | Stalker | |
71 | 16:12 | Immortal | |
71 | 16:13 | Protoss Ground Weapons Level 2 | |
75 | 16:20 | Zealot | |
77 | 16:25 | Sentry | |
77 | 16:26 | Protoss Ground Armor Level 2 | |
77 | 16:30 | Zealot | |
77 | 16:35 | Adept | |
77 | 16:38 | Probe (Chrono Boost) | |
81 | 16:40 | Sentry, Probe (Chrono Boost) | |
81 | 16:44 | Probe (Chrono Boost) | |
81 | 16:45 | Stalker | |
81 | 16:46 | Assimilator | |
87 | 16:47 | Probe (Chrono Boost) | |
87 | 16:48 | Pylon | |
87 | 16:50 | Stalker, Probe (Chrono Boost), Pylon | |
87 | 16:52 | Assimilator | |
87 | 16:53 | Probe (Chrono Boost) | |
91 | 16:56 | Probe (Chrono Boost), Adept | |
95 | 17:02 | Probe (Chrono Boost) | |
95 | 17:03 | Adept | |
95 | 17:08 | Adept | |
99 | 17:10 | Photon Cannon | |
99 | 17:11 | Photon Cannon | |
99 | 17:13 | Zealot | |
101 | 17:18 | Zealot | |
103 | 17:37 | Protoss Air Weapons Level 1 | |
103 | 18:09 | Probe (Chrono Boost) | |
103 | 18:18 | Protoss Shields Level 1 | |
103 | 18:34 | Protoss Ground Weapons Level 3 | |
103 | 18:47 | Observer, Phoenix | |
103 | 18:54 | Disruptor | |
108 | 19:03 | Phoenix | |
110 | 19:10 | Immortal | |
92 | 19:19 | Protoss Air Armor Level 1 | |
92 | 19:20 | Stalker | |
72 | 19:28 | Stalker, Observer | |
75 | 19:36 | Zealot | |
77 | 19:44 | Stalker | |
79 | 19:47 | Observer | |
79 | 19:52 | Sentry | |
82 | 19:57 | Protoss Ground Armor Level 3 | |
82 | 20:00 | Zealot | |
84 | 20:08 | Zealot | |
86 | 20:16 | Stalker | |
88 | 20:24 | Sentry | |
90 | 20:31 | Immortal | |
90 | 20:35 | Immortal | |
98 | 20:45 | Tempest | |
102 | 20:55 | Protoss Air Weapons Level 2 | |
102 | 20:56 | Protoss Shields Level 2 | |
102 | 21:06 | Immortal | |
102 | 21:10 | Disruptor | |
109 | 22:56 | Protoss Shields Level 3 | |
109 | 22:59 | Protoss Air Armor Level 2 | |
109 | 23:17 | Dark Templar | |
111 | 23:24 | Dark Templar | |
113 | 23:37 | Sentry | |
94 | 23:44 | Sentry, Observer | |
94 | 23:45 | Observer | |
73 | 23:51 | Zealot | |
71 | 23:58 | Stalker | |
71 | 24:01 | Nexus | |
72 | 24:04 | Observer | |
72 | 24:05 | Stalker | |
75 | 24:12 | Stalker | |
77 | 24:20 | Zealot | |
77 | 24:23 | Immortal | |
79 | 24:31 | Immortal | |
87 | 25:24 | Assimilator | |
87 | 25:25 | Pylon | |
87 | 25:27 | Pylon | |
87 | 25:28 | Assimilator | |
87 | 25:50 | Photon Cannon | |
87 | 25:52 | Photon Cannon | |
86 | 26:51 | Stalker | |
88 | 26:59 | Stalker | |
88 | 27:00 | Blink | |
90 | 27:08 | Stalker | |
87 | 27:17 | Stalker | |
87 | 27:18 | Photon Cannon | |
87 | 27:21 | Photon Cannon | |
78 | 27:26 | Adept | |
70 | 27:30 | Probe (Chrono Boost) | |
70 | 27:33 | Colossus, Probe (Chrono Boost) | |
70 | 27:37 | Probe (Chrono Boost) | |
73 | 27:39 | Probe (Chrono Boost) | |
73 | 27:41 | Tempest | |
73 | 27:42 | Probe (Chrono Boost) | |
76 | 27:45 | Probe (Chrono Boost) | |
76 | 27:50 | Observer | |
80 | 27:53 | Zealot | |
69 | 28:01 | Stalker | |
71 | 28:06 | Void Ray | |
71 | 28:11 | Observer | |
69 | 28:12 | Probe (Chrono Boost) | |
69 | 28:16 | Probe (Chrono Boost) | |
69 | 28:17 | Sentry | |
69 | 28:19 | Probe (Chrono Boost), Void Ray | |
70 | 28:22 | Probe (Chrono Boost) | |
70 | 28:25 | Probe (Chrono Boost) | |
77 | 28:28 | Probe (Chrono Boost) | |
77 | 28:33 | Zealot | |
79 | 28:37 | Nexus | |
79 | 28:42 | Stalker | |
79 | 28:44 | Photon Cannon | |
79 | 28:47 | Photon Cannon | |
80 | 28:50 | Sentry, Probe (Chrono Boost) | |
80 | 28:52 | Probe (Chrono Boost) | |
80 | 28:56 | Probe (Chrono Boost) | |
80 | 28:57 | Assimilator | |
80 | 28:59 | Stalker, Probe (Chrono Boost) | |
80 | 29:01 | Probe (Chrono Boost) | |
80 | 29:07 | Immortal | |
82 | 29:17 | Stalker | |
82 | 29:20 | Probe (Chrono Boost) | |
82 | 29:23 | Probe (Chrono Boost) | |
86 | 29:26 | Sentry, Probe (Chrono Boost) | |
89 | 29:34 | Dark Templar | |
91 | 29:43 | Adept | |
93 | 29:52 | Zealot | |
95 | 29:53 | Photon Cannon | |
95 | 29:55 | Immortal | |
95 | 29:56 | Photon Cannon | |
99 | 30:09 | Dark Templar | |
101 | 30:24 | Dark Templar, Archon | |
103 | 30:33 | Dark Templar | |
103 | 30:35 | Observer | |
103 | 30:40 | Zealot | |
103 | 30:42 | Void Ray | |
59 | 30:50 | Immortal | |
59 | 30:54 | Observer | |
53 | 30:59 | Pylon | |
53 | 31:01 | Pylon | |
53 | 31:02 | Zealot | |
55 | 31:05 | Void Ray | |
56 | 31:11 | Immortal | |
60 | 31:23 | Zealot | |
62 | 31:30 | Zealot | |
63 | 31:35 | Pylon | |
63 | 31:38 | Zealot | |
54 | 31:41 | Void Ray | |
50 | 31:59 | Probe (Chrono Boost), Zealot | |
42 | 32:06 | Probe (Chrono Boost) | |
39 | 32:10 | Probe (Chrono Boost) | |
35 | 32:16 | Probe (Chrono Boost) | |
35 | 32:17 | Zealot | |
35 | 32:21 | Gateway | |
35 | 32:22 | Probe (Chrono Boost) | |
26 | 32:27 | Probe (Chrono Boost) | |
21 | 32:33 | Probe (Chrono Boost) | |
20 | 32:39 | Probe (Chrono Boost) | |